 Dungeon Crawl Stone Soup version 0.29.1-1-gd02db6906a (webtiles) character file.

Game seed: 8468704165944173153

14 Earthwalker the Digger (level 2, -1/24 HPs)
             Began as a Troll Earth Elementalist on Oct 4, 2022.
             Slain by a gnoll
             ... wielding a +0 club
              (6 damage)
             ... on level 2 of the Dungeon.
             The game lasted 00:02:32 (438 turns).

Earthwalker the Digger (Troll Earth Elementalist)    Turns: 438, Time: 00:02:32

Health: -1/24      AC:  4    Str: 15    XL:     2   Next: 27%
Magic:  3/3        EV: 10    Int: 11    God:
Gold:   3          SH:  0    Dex: 10    Spells: 2/3 levels left

rFire   . . .      SeeInvis .   (no weapon)
rCold   . . .      Faith    .   (no shield)
rNeg    . . .      Spirit   .   a - +0 robe
rPois   .          Reflect  .   (helmet restricted)
rElec   .          Harm     .   (no cloak)
rCorr   .          Rampage  .   (gloves unavailable)
Will    .....                   (boots unavailable)
Stlth   +.........              (no amulet)
HPRegen 0.88/turn               (no ring)
MPRegen 0.08/turn               (no ring)

@: no status effects
A: large, unfitting armour, claws 3, regeneration 1, shaggy fur 1, tough skin 1
a: no special abilities


You were on level 2 of the Dungeon.
You visited 1 branch of the dungeon, and saw 2 of its levels.

You collected 3 gold pieces.

Inventory:

Armour
 a - a +0 robe (worn)
Jewellery
 e - an amulet of guardian spirit
Scrolls
 c - a scroll of torment {unknown}
 d - a scroll of blinking {unknown}
 f - a scroll of poison {unknown}
Potions
 b - a potion of magic


   Skills:
 + Level 0.2 Fighting
 + Level 2.0 Dodging
 + Level 1.0 Stealth
 + Level 0.2 Unarmed Combat
 + Level 1.3 Spellcasting
 + Level 0.6 Transmutations
 + Level 2.8 Earth Magic


You had 2 spell levels left.
You knew the following spells:

 Your Spells              Type           Power      Damage    Failure   Level
a - Sandblast             Erth           14%        2d6       10%         1

Your spell library contained the following spells:

 Spells                   Type           Power      Damage    Failure   Level
 Passwall                 Tmut/Erth      3%         N/A       24%         2
 Stone Arrow              Conj/Erth      6%         3d7       45%         3
 Petrify                  Tmut/Erth      4%         N/A       83%         4


Dungeon Overview and Level Annotations

Branches:
Dungeon (2/15)

Altars:


Innate Abilities, Weirdness & Mutations

You are too large for most types of armour.
You have claws for hands.
Your natural rate of healing is unusually fast.
You are covered in fur. (AC +1)
You have tough skin. (AC +1)


Message History

The bat hits you but does no damage.
You barely miss the bat.
The bat is heavily wounded.
The bat hits you but does no damage.
You scratch the bat.
You kill the bat!
d - a scroll labelled GOLUEM UNAM
e - an amulet of guardian spirit
f - a scroll labelled MYMYME HILUIVOS
Found a stone staircase leading down.
There is a stone staircase leading down here.
You climb downwards.
The endoplasm quivers.
Found 14 gold pieces.
Found a stone staircase leading up.
There is a stone staircase leading up here.
The endoplasm hits you but does no damage.
You claw the endoplasm!
You kill the endoplasm! 2 gnolls come into view.
Found a stone staircase leading up.
The gnoll shouts!
A gnoll comes into view. It is wielding a +0 spear.
The gnoll shouts!
The gnoll shouts!
The gnoll hits you from afar with a +0 spear.
You see here 14 gold pieces.
The gnoll barely misses you.
The gnoll hits you from afar with a +0 spear.
The gnoll hits you with a +0 spear.
You scratch the gnoll.
The gnoll is moderately wounded.
The gnoll hits you with a +0 club. The gnoll barely misses you.
The gnoll barely misses you. The gnoll hits you but does no damage.
The gnoll hits you with a +0 spear.
* * * LOW HITPOINT WARNING * * *
You closely miss the gnoll. The gnoll hits you but does no damage.
The gnoll hits you with a +0 spear.
* * * LOW HITPOINT WARNING * * *
The gnoll hits you with a +0 club.
You die...

.......#... .#
.........####.##
#.<.......#
#..........
#........##
#........#
#..$.....#
#.g......#
#..@g<...#
#..g.....#
#...<....#
#........#
##########


You could see 3 gnolls.

Vanquished Creatures
  2 bats (D:1)
  An endoplasm (D:2)
  2 hobgoblins (D:1)
  4 jackals (D:1)
  A ball python (D:1)
  A frilled lizard (D:1)
11 creatures vanquished.

Notes
Turn   | Place    | Note
-------+----------+-------------------------------------------
     0 | D:1      | Earthwalker the Troll Earth Elementalist began the quest
                  | for the Orb.
     0 | D:1      | Reached XP level 1. HP: 16/16 MP: 1/1
   243 | D:1      | Reached XP level 2. HP: 21/24 MP: 3/3
   438 | D:2      | Slain by a gnoll

Illustrated notes

Levels and vault maps discovered:
D:1:      dpeg_arrival_solitude, layout_loops_cross, chequers_avenue
D:2:      layout_rooms, basic_altar, kennysheep_potato

Skill      XL: |  1 |
---------------+----+-----
Dodging        | 2 |  2.0
Fighting       | |  0.2
Stealth        | |  1.0
Unarmed Combat | |  0.2
Spellcasting   | |  1.3
Transmutations | |  0.6
Earth Magic    | |  2.8

Action                   || total
-------------------------++-------
Melee: Unarmed           ||    41
       Punch             ||     1
 Cast: Sandblast         ||     2
Armor: Robe              ||    49
Dodge: Dodged            ||    45
